 Dungeon Crawl Stone Soup version 0.28.0 (webtiles) character file.

Game seed: 10169093582673115036

17526 browni3141 the Fighter (level 12, -1/175 HPs)
             Began as a Minotaur Berserker on Feb 16, 2022.
             Was an Elder of Trog.
             Slain by a six-headed hydra (2 damage)
             ... on level 2 of the Lair of Beasts.
             The game lasted 00:07:34 (13597 turns).

browni3141 the Fighter (Minotaur Berserker)        Turns: 13597, Time: 00:07:35

Health: -1/175     AC: 12    Str: 26    XL:     12   Next: 19%
Magic:  11/11      EV: 14    Int:  4    God:    Trog [****..]
Gold:   736        SH: 10    Dex: 17    Spells: 11/11 levels left

rFire   . . .      SeeInvis .   W - +0 broad axe (vorpal)
rCold   . . .      Faith    .   Z - +0 kite shield
rNeg    . . .      Spirit   .   K - +0 swamp dragon scales
rPois   +          Reflect  .   (helmet restricted)
rElec   .          Harm     .   (no cloak)
rCorr   .          Rampage  .   (no gloves)
Will    .....                   i - +0 pair of boots
Stlth   ..........              (no amulet)
HPRegen 0.39/turn               w - +6 ring of dexterity
MPRegen 0.12/turn               t - +4 ring of evasion

@: berserking (expiring), quick
A: horns 2, retaliatory headbutt
a: Renounce Religion, Berserk, Trog's Hand, Brothers in Arms


You were on level 2 of the Lair of Beasts.
You worshipped Trog.
Trog was greatly pleased with you.
You visited 2 branches of the dungeon, and saw 12 of its levels.
You also visited: Sewer and Bailey.

You collected 736 gold pieces.

Inventory:

Hand Weapons
 W - a +0 vorpal broad axe (weapon)
 Y - a +0 broad axe of protection
Armour
 b - a +0 animal skin
 h - a +0 chain mail
 i - a +0 pair of boots (worn)
 m - a +0 plate armour
 K - +0 swamp dragon scales (worn)
 Z - a +0 kite shield (worn)
Jewellery
 j - a ring of positive energy
 q - a ring of resist corrosion
 r - a ring of willpower
 t - a +4 ring of evasion (right hand)
 w - a +6 ring of dexterity (left hand)
 A - a ring of protection from fire
 E - a ring of fire
Wands
 L - a wand of iceblast (10)
 Q - a wand of flame (25)
 R - a wand of digging (19)
 T - a wand of polymorph (5)
 V - a wand of paralysis (5)
Scrolls
 c - 3 scrolls of enchant weapon
 d - 2 scrolls of amnesia
 f - 12 scrolls of teleportation
 g - 3 scrolls of immolation
 n - 6 scrolls of enchant armour
 s - 2 scrolls of summoning
 u - 5 scrolls of noise
 y - a scroll of silence
 B - a scroll of torment
 C - 4 scrolls of magic mapping
 G - 2 scrolls of fog
 H - 3 scrolls of vulnerability
 N - 4 scrolls of blinking
 P - a scroll of holy word
 S - 2 scrolls of fear
Potions
 a - a potion of lignification {unknown}
 e - 4 potions of might
 k - 2 potions of haste {unknown}
 l - 2 potions of cancellation {unknown}
 o - a potion of degeneration {unknown}
 p - 4 potions of curing {unknown}
 x - 4 potions of attraction {unknown}
 z - 2 potions of brilliance {unknown}
 F - 2 potions of flight {unknown}
 I - a potion of mutation {unknown}
 M - 2 potions of magic {unknown}
 U - a potion of heal wounds {unknown}
 X - a potion of invisibility


   Skills:
 + Level 14.0 Fighting
 + Level 13.9 Axes
 + Level 13.7 Armour
 - Level 2.1 Dodging
 * Level 5.1 Shields


You had 11 spell levels left.
You didn't know any spells.
Your spell library was empty.

Dungeon Overview and Level Annotations

Branches:
Dungeon (10/15)            Temple (0/1) D:6            Lair (1/6) D:8
    Orc (0/2) D:9           Sewer (visited)          Bailey (visited)

Altars:
Ashenzari
Cheibriados
Gozag
Okawaru
Ru
Trog
Xom

Annotations:
Lair:2 2 transporters, Pamiuf's ghost, journeyman KoSu


Innate Abilities, Weirdness & Mutations

You have a pair of horns on your head.
You reflexively headbutt those who attack you in melee.


Message History

The five-headed hydra grows two more!
You slice the seven-headed hydra!!
The seven-headed hydra is almost dead.
You barely miss the six-headed hydra. You hit the tyrant leech.
The six-headed hydra bites you.
* * * LOW HITPOINT WARNING * * *
You block the six-headed hydra's attack.
The six-headed hydra bites you.
* * * LOW HITPOINT WARNING * * *
The six-headed hydra bites you!
* * * LOW HITPOINT WARNING * * *
The six-headed hydra bites you.
* * * LOW HITPOINT WARNING * * *
The six-headed hydra bites you but does no damage.
Unknown command.
Your unstable footing causes you to fumble your attack.
The seven-headed hydra completely misses you.
You furiously retaliate!
You headbutt the seven-headed hydra!
You kill the seven-headed hydra!
Trog accepts your kill. You block the tyrant leech's attack.
The six-headed hydra bites you but does no damage.
You block the six-headed hydra's attack.
The six-headed hydra closely misses you.
The six-headed hydra bites you!
* * * LOW HITPOINT WARNING * * *
You block the six-headed hydra's attack.
The six-headed hydra bites you.
* * * LOW HITPOINT WARNING * * *
Your Fighting skill increases to level 14!
Your Shields skill increases to level 5!
Unknown command.
Why would you want to do that? You block the tyrant leech's attack.
You feel a strong urge to attack something.
You block the six-headed hydra's attack.
The six-headed hydra closely misses you.
The six-headed hydra bites you.
* * * LOW HITPOINT WARNING * * *
The six-headed hydra barely misses you. The six-headed hydra bites you.
You die...

........##### #.............##
........## #.....##....>.#
.........# #.....#....+...#
#........# #..........#...#
#........# #.....♣........#
#......)## #♣♣♣♣♣♣♣..♣♣...#
#.......##### ♣≈≈≈≈≈≈...♣♣..##
#.......#.#.##♣≈≈≈≈†≈≈≈♣♣...P#
.............♣♣≈@Dw≈≈≈♣♣#...P#
..............♣♣≈≈≈≈...♣♣...##
............♣#♣♣♣♣♣...♣♣....##
...#..#.....♣ §..♣♣♣♣♣...#
............# §♣♣♣♣ ♣..##
........#...## ♣..#
.............♣ ♣♣..##
.............# ♣....#
........+....# ♣♣..##


You could see a six-headed hydra and a tyrant leech.

Vanquished Creatures
  2 hydras (Lair:2)
  A vault guard (Bailey)
  A two-headed ogre (D:8)
  Nergalle (D:10)
  Pikel (D:9)
  2 black mambas (Lair:2)
  Maggie (D:7)
  3 cane toads (Lair:2)
  Prince Ribbit (Bailey)
  4 blink frogs (Lair:2)
  3 hornets
  A vampire (D:10)
  A shadow (D:9)
  9 yaks
  A basilisk (Lair:2)
  A wraith (D:9)
  5 humans (Bailey)
  3 steam dragons
  Menkaure (D:4)
  A swamp worm (Lair:2)
  3 wargs (D:9)
  2 acid dragons (D:9)
  6 water moccasins
  7 black bears
  2 necrophages
  5 orc warriors
  A sky beast (D:5)
  5 centaurs
  6 ogres
  2 phantoms
  2 kobold brigands
  A lemure (D:9)
  A wyvern zombie (D:7)
  15 bullfrogs
  A gnoll sergeant (D:10)
  11 wights (D:8)
  An electric eel (D:6)
  3 howler monkeys
  3 centaur zombies
  A bullfrog zombie (D:6)
  A gnoll shaman (D:9)
  A bullfrog skeleton (D:7)
  5 orc priests
  6 hounds
  A jelly (D:5)
  A centaur skeleton (D:6)
  3 iguanas
  8 orc wizards
  A hell rat (Sewer)
  3 howler monkey zombies (D:9)
  11 gnolls
  14 adders
  3 river rats (Sewer)
  2 white imps
  An ufetubus (D:5)
  An adder skeleton (D:4)
  2 adder zombies (D:5)
  A dart slug (D:1)
  2 worms (D:4)
  33 orcs
  3 endoplasms
  4 giant cockroaches
  8 hobgoblins
  5 jackals
  3 quokkas
  7 ball pythons
  4 bats
  3 frilled lizards
  10 goblins
  7 kobolds
  6 rats
281 creatures vanquished.

Vanquished Creatures (collateral kills)
  A vault guard (Bailey)
  A human (Bailey)
  A yak (D:9)
3 creatures vanquished.

Vanquished Creatures (others)
  An orc wizard (D:9)
  5 fungi
  8 plants (D:8)
14 creatures vanquished.

Grand Total: 298 creatures vanquished

Notes
Turn   | Place    | Note
-------+----------+-------------------------------------------
     0 | D:1      | browni3141 the Minotaur Berserker began the quest for the
                  | Orb.
     0 | D:1      | Reached XP level 1. HP: 19/19 MP: 0/0
   235 | D:1      | Reached XP level 2. HP: 12/27 MP: 1/1
   596 | D:1      | Reached skill level 4 in Fighting
  1107 | D:2      | Reached XP level 3. HP: 33/33 MP: 2/2
  1242 | D:2      | Reached ** piety under Trog
  1390 | D:2      | Reached XP level 4. HP: 29/41 MP: 3/3
  2088 | D:2      | Found a faded altar of an unknown god.
  2511 | D:3      | Found an opulent altar of Gozag.
  2819 | D:4      | Reached skill level 5 in Fighting
  2819 | D:4      | Reached skill level 5 in Axes
  2819 | D:4      | Reached XP level 5. HP: 43/48 MP: 4/4
  2848 | D:4      | Noticed an ogre
  2853 | D:4      | Killed an ogre
  3041 | D:4      | Noticed an ogre
  3045 | D:4      | Killed an ogre
  3046 | D:4      | Reached XP level 6. HP: 57/57 MP: 5/5
  3137 | D:4      | Reached skill level 5 in Armour
  3392 | D:4      | Reached skill level 6 in Fighting
  3649 | D:4      | Found a snail-covered altar of Cheibriados.
  3653 | D:4      | Noticed Menkaure
  3660 | D:4      | Killed Menkaure
  3661 | D:4      | Reached XP level 7. HP: 60/64 MP: 6/6
  4204 | D:5      | Entered Level 5 of the Dungeon
  4204 | D:5      | Found a glowing drain.
  4215 | D:5      | Reached skill level 7 in Fighting
  4243 | Sewer    | Entered a sewer
  4248 | Sewer    | Reached *** piety under Trog
  4346 | Sewer    | Reached XP level 8. HP: 65/73 MP: 7/7
  4855 | D:5      | Reached skill level 8 in Fighting
  5131 | D:6      | Found a staircase to the Ecumenical Temple.
  5477 | D:6      | Reached XP level 9. HP: 67/82 MP: 8/8
  5480 | D:6      | Reached skill level 9 in Fighting
  6034 | D:6      | Found an iron altar of Okawaru.
  6362 | D:7      | Noticed Maggie
  6373 | D:7      | Killed Maggie
  6743 | D:7      | Reached **** piety under Trog
  6759 | D:7      | Reached skill level 10 in Fighting
  6759 | D:7      | Reached skill level 10 in Axes
  7712 | D:8      | Reached skill level 10 in Armour
  7866 | D:8      | Reached XP level 10. HP: 94/94 MP: 9/9
  8129 | D:8      | Found a staircase to the Lair.
  8258 | D:8      | Noticed a two-headed ogre
  8265 | D:8      | Killed a two-headed ogre
  8266 | D:8      | Reached skill level 11 in Fighting
  8662 | D:8      | Found a broken altar of Ashenzari.
  9420 | D:9      | Noticed Pikel
  9430 | D:9      | Reached skill level 12 in Fighting
  9430 | D:9      | Killed Pikel
  9657 | D:9      | Found a staircase to the Orcish Mines.
  9689 | D:9      | Reached XP level 11. HP: 104/104 MP: 10/10
  9974 | D:9      | Found a sacrificial altar of Ru.
 10723 | D:10     | Entered Level 10 of the Dungeon
 10764 | D:10     | Noticed Nergalle
 10774 | D:10     | Killed Nergalle
 11035 | D:10     | Found a flagged portal.
 11048 | Bailey   | Entered a bailey
 11150 | Bailey   | Reached ***** piety under Trog
 11340 | Bailey   | Reached skill level 13 in Fighting
 11344 | Bailey   | Noticed a vault guard
 11346 | Bailey   | Noticed Prince Ribbit
 11358 | Bailey   | Killed a vault guard
 11404 | Bailey   | Killed Prince Ribbit
 11665 | Bailey   | Noticed a vault guard
 11672 | Bailey   | Killed a vault guard
 11791 | Bailey   | Identified the +0 robe "Rurphump" {rC- Dex+5}
 12012 | D:10     | Found a shimmering altar of Xom.
 12811 | Lair:1   | Entered Level 1 of the Lair of Beasts
 12839 | Lair:1   | You fall into a shaft and drop 1 floor!
 12839 | Lair:2   | Noticed a seven-headed hydra
 12839 | Lair:2   | Found a transporter.
 12840 | Lair:2   | Noticed a spriggan rider
 12847 | Lair:2   | Killed a ten-headed hydra
 13148 | Lair:2   | Reached XP level 12. HP: 90/116 MP: 11/11
 13379 | Lair:2   | Found a transporter.
 13382 | Lair:2   | Identified the amulet of Ubluj {Acrobat Contam rPois rCorr}
 13382 | Lair:2   | Noticed Pamiuf's ghost (journeyman KoSu)
 13406 | Lair:2   | Found a bloodstained altar of Trog.
 13582 | Lair:2   | Noticed a five-headed hydra
 13582 | Lair:2   | Noticed a four-headed hydra
 13595 | Lair:2   | Killed a seven-headed hydra
 13595 | Lair:2   | HP: 6/174 [six-headed hydra (5)]
 13596 | Lair:2   | Reached skill level 14 in Fighting
 13596 | Lair:2   | Reached skill level 5 in Shields
 13597 | Lair:2   | HP: 1/175 [six-headed hydra (6)]
 13597 | Lair:2   | Slain by a six-headed hydra

Illustrated notes

Levels and vault maps discovered:
D:1:      heliophobic_arrival_henge, layout_rooms
D:2:      layout_basic, shapermc_ecumenical_altar_gd, kennysheep_generic_room_3
D:3:      layout_rooms, nicolae_gozag_seed_capital
D:4:      layout_basic, mainiacjoe_overflow_chevrons, uniq_menkaure
D:5:      layout_basic, gup_sewer_entry_glass, minmay_misc_feat_nine_boxes
D:6:      layout_rooms, lemuel_coloured_pillars_altar, minmay_temple_entry_mist,
          kennysheep_donut, fountainhead, minmay_diced_spiral
D:7:      layout_cave_pods, uniq_maggie
D:8:      layout_gridville, lemuel_round_altar, grunt_lair_entry_orc_guard_hut
D:9:      layout_irregular_city, nicolae_ru_great_annihilating_truth,
          david_orc_1_choice, minmay_alternating_orb, uniq_pikel
D:10:     layout_loops_corners, mainiacjoe_overflow_paths, enter_bailey_3,
          uniq_nergalle
Lair:1:   layout_chaotic_city
Lair:2:   layout_chaotic_city, palyth_hydra_swamp_entry,
          gammafunk_ghost_wrathful_warriors, lemuel_fruit_tree,
          grunt_megastairs_2

Skill      XL: |  1  2  3  4  5  6  7  8  9 10 11 12 |
---------------+-------------------------------------+-----
Axes           | 4 5 6 7 8 10 12 13 | 13.9
Fighting       | 4 5 6 7 8 10 12 13 14 | 14.0
Armour         | 3 4 5 6 8 10 12 13 | 13.7
Shields        | 3 5 |  5.1
Dodging        | |  2.1

Action                   |  1- 3 |  4- 6 |  7- 9 | 10-12 || total
-------------------------+-------+-------+-------+-------++-------
Melee: Hand axe          |    66 |    56 |       |       ||   122
       Headbutt          |    11 |    20 |    38 |    55 ||   124
       War axe           |       |    46 |   216 |    12 ||   274
       Punch             |       |     1 |     2 |       ||     3
       Battleaxe         |       |       |       |   226 ||   226
       Broad axe         |       |       |       |    61 ||    61
Invok: Berserk           |       |     2 |     3 |     8 ||    13
       Trog's Hand       |       |       |       |     3 ||     3
       Brothers in Arms  |       |       |       |     2 ||     2
  Use: Scroll            |       |       |       |    17 ||    17
 Stab: Paralysed         |       |       |       |     1 ||     1
Armor: Animal skin       |     5 |       |       |       ||     5
       Chain mail        |    13 |    24 |       |       ||    37
       Plate armour      |       |    46 |   115 |       ||   161
       Swamp dragon scal |       |       |    10 |   115 ||   125
Dodge: Dodged            |    36 |    64 |   158 |   269 ||   527
Block: Kite shield       |       |       |       |    45 ||    45
